 Dungeon Crawl Stone Soup version 0.22-a0-456-g11ed031 (console) character file.

2 toffzen the Grave Robber (level 1, 0/10 HPs)
             Began as a Gargoyle Necromancer on June 6, 2018.
             Slain by a kobold (1 damage)
             ... on level 1 of the Dungeon.
             The game lasted 00:00:42 (102 turns).

toffzen the Grave Robber (Gargoyle Necromancer)      Turns: 102, Time: 00:00:43

Health: 0/10       AC:  4    Str: 11    XL:     1   Next: 30%
Magic:  3/3        EV: 12    Int: 15    God:
Gold:   14         SH:  0    Dex: 10    Spells: 3/4 levels left

rFire    . . .     SeeInvis .   a - +0 mace
rCold    . . .     Gourm    .   (no shield)
rNeg     + . .     Faith    .   b - +0 robe
rPois    ∞         Spirit   .   (no helmet)
rElec    +         Reflect  .   (no cloak)
rCorr    .         Harm     .   (no gloves)
MR       .....                  (no boots)
Stlth    ++........             (no amulet)
HPRegen  0.03/turn              (no ring)
MPRegen  0.08/turn              (no ring)

@: no status effects
A: negative energy resistance 1, electricity resistance, unbreathing,
petrification resistance, rot immunity, AC +2
a: no special abilities


You were on level 1 of the Dungeon.
You were not hungry.

You visited 1 branch of the dungeon, and saw 1 of its levels.

You collected 14 gold pieces.

Inventory:

Hand Weapons
 a - a +0 mace (weapon)
Armour
 b - a +0 robe (worn)
Scrolls
 d - a scroll of teleportation {unknown}
Comestibles
 c - a ration


   Skills:
 + Level 0.1 Fighting
 * Level 0.3 Maces & Flails
 + Level 0.1 Armour
 - Level 1.5 Dodging
 - Level 2.1 Stealth
 - Level 2.0 Spellcasting
 - Level 3.2 Necromancy


You had 3 spell levels left.
You knew the following spells:

 Your Spells              Type           Power        Failure   Level  Hunger
a - Pain                  Necr           ##..         6%          1    #......

Your spell library contained the following spells:

 Spells                   Type           Power        Failure   Level  Hunger
 Animate Dead             Necr           N/A          50%         4    #####..
 Animate Skeleton         Necr           N/A          6%          1    #......
 Vampiric Draining        Necr           ##........   17%         3    ###....
 Regeneration             Chrm/Necr      #.........   34%         3    ###....


Dungeon Overview and Level Annotations

Branches:
Dungeon (1/15)

Altars:


Innate Abilities, Weirdness & Mutations

You are resistant to torment.
Your stone body is resilient. (AC +2)
You are immune to poison.
You resist negative energy. (rN+)
You are resistant to electric shocks. (rElec)
You can survive without breathing.
You are immune to petrification.
You are immune to rotting.


Message History

You barely miss the kobold. The kobold hits you.
You hit the kobold.
The kobold is moderately wounded.
The kobold hits you.
You are too injured to fight recklessly!
You are too injured to fight recklessly!
You are too injured to fight recklessly!
You closely miss the kobold.
The kobold is moderately wounded.
The kobold hits you.
* * * LOW HITPOINT WARNING * * *
The kobold closely misses you.
You barely miss the kobold.
The kobold is moderately wounded.
The kobold hits you.
* * * LOW HITPOINT WARNING * * *
You hit the kobold but do no damage.
The kobold is moderately wounded.
The kobold hits you.
You die...

##### #
#########.....#
.#.#.#.#.#.#.#.#
...............#
#.#.#.#.#.#.#.#
........K@..$#
#.#.#.#.#.#.#$##
.....>...........
.#.#.#.#.#.#.#####
..............#
.#.#$#.#.#.#.##
.............#
#.#.#.#.#.#.##
#######.###


You could see a kobold.

Vanquished Creatures
  A bat (D:1)
  2 goblins (D:1)
3 creatures vanquished.

Notes
Turn   | Place    | Note
-------+----------+-------------------------------------------
     0 | D:1      | toffzen the Gargoyle Necromancer began the quest for the Orb.
     0 | D:1      | Reached XP level 1. HP: 10/10 MP: 3/3
   102 | D:1      | Slain by a kobold

Vault maps used:
D:1:      tarquinn_simple_flora_water_a, st_stairs_11, minmay_shallow_snake_nest

Action                   || total
-------------------------++-------
Melee: Mace              ||    12
 Stab: Sleeping          ||     1
Armor: Robe              ||     1
Dodge: Dodged            ||    13

Table legend:
 A = Spawn XP
 B = Non-spawn XP
 C = Spawn XP percentage of total XP
 D = Spawn monster count
 E = Non-spawn monster count
 F = Spawn count percentage of total count
 G = Total turns spent on level
                    A         B        C        D         E        F      G
               +---------+---------+-------+---------+---------+-------+---------
         Total |       0 |       3 |   0.0 |       0 |       3 |   0.0 |   102
               +---------+---------+-------+---------+---------+-------+---------
           D:1 |       0 |       3 |   0.0 |       0 |       3 |   0.0 |   102
               +---------+---------+-------+---------+---------+-------+---------
